Flyers vs Maroons

Created - 11 mars 2022 at 14:50

Goals
1 2 3 T
Flyers 0 0 2 2
Maroons 0 1 0 1
Shots
1 2 3 T
Flyers 11 8 13 32
Maroons 8 15 11 34

1st period

No Goal

Penalties :
Casey Mittelstadt (MON) for Hooking (Minor) at 0:32, Patrik Nemeth (PHI) for Hooking (Minor) at 18:13

2nd period

1. Maroons , Nick Ritchie 18 (Esa Lindell 13, Brett Connolly 14) at 16:55

Penalties :
No Penalty

3rd period

2. Flyers , Kevin Fiala 18 (Calle Jarnkrok 9) at 0:56
3. Flyers , Dylan Cozens 6 (John Marino 11, Gabriel Vilardi 13) at 10:55

Penalties :
Casey Mittelstadt (MON) for Roughing (Minor) at 11:23

Goalie Stats

Ilya Samsonov (PHI), 33 saves from 34 shots - (0,971), W, 19-15-0, 60:00 minutes
Michael Houser (MON), 30 saves from 32 shots - (0,938), L, 3-5-1, 59:04 minutes

Players Stats for Flyers

Player Name              G  A  P  +/- PIM S  H  SB GA TA FO     MP     PP MP  PK MP  
------------------------------------------------------------------------------------
Aaron Ekblad             0  0  0   0  0   1  0  0  1  1  0/0    24:53   2:25   1:32 
Calle Jarnkrok           0  1  1   0  0   2  1  2  1  1  0/0    16:01   0:00   1:08 
Drew O'Connor            0  0  0   1  0   1  0  0  0  0  0/0     9:11   0:00   0:13 
Dylan Cozens             1  0  1   1  0   3  1  1  1  0  0/0     8:59   0:00   0:01 
Filip Forsberg           0  0  0   0  0   1  1  0  1  1  0/1    17:31   2:11   0:00 
Gabriel Vilardi          0  1  1   1  0   1  0  0  0  0  1/2     8:58   0:00   0:00 
Jakub Vrana              0  0  0   0  0   1  2  0  0  0  0/0    16:39   1:47   0:00 
John Marino              0  1  1   1  0   0  1  3  0  0  0/0    21:55   1:33   0:27 
Justin Holl              0  0  0   0  0   3  0  1  0  0  0/0    17:12   0:00   1:32 
Kevin Fiala              1  0  1   0  0   3  1  0  1  1  0/1    13:38   0:00   0:00 
Leon Draisaitl           0  0  0   0  0   4  2  1  0  0  12/17  18:21   2:11   0:50 
Martin Necas             0  0  0   0  0   2  1  1  0  0  6/16   16:39   1:47   0:00 
Noah Hanifin             0  0  0   0  0   2  1  1  0  0  0/0    19:36   0:00   0:00 
Patrick Kane             0  0  0   0  0   2  1  0  0  1  1/1    17:31   2:11   0:00 
Patrik Nemeth            0  0  0   0  2   0  2  0  0  0  0/0    16:16   1:33   0:00 
Rasmus Ristolainen       0  0  0   1  0   2  1  2  0  0  0/0    21:22   2:25   0:27 
Scott Laughton           0  0  0   0  0   1  3  0  0  1  6/10   16:01   0:00   1:08 
Travis Konecny           0  0  0   0  0   3  3  0  0  0  0/0    17:17   1:47   0:38 

Players Stats for Maroons

Player Name              G  A  P  +/- PIM S  H  SB GA TA FO     MP     PP MP  PK MP  
------------------------------------------------------------------------------------
Andy Andreoff            0  0  0   0  0   0  0  0  0  0  0/0     0:00   0:00   0:00 
Brett Connolly           0  1  1  -1  0   2  0  2  1  0  0/0    14:18   0:00   0:30 
Brian Pinho              0  0  0   0  0   0  1  0  0  0  3/3     7:17   0:00   0:00 
Casey Mittelstadt        0  0  0   0  4   6  4  0  0  0  3/15   17:32   0:48   0:00 
Esa Lindell              0  1  1   0  0   6  4  1  0  0  0/0    28:12   1:26   2:22 
Filip Zadina             0  0  0   0  0   2  0  0  0  0  0/0     7:17   0:00   0:00 
Frans Nielsen            0  0  0  -1  0   1  0  2  0  0  2/5    13:46   0:00   0:00 
Gustav Nyquist           0  0  0   0  0   0  4  0  1  0  1/1    19:06   1:11   1:40 
John Hayden              0  0  0   0  0   0  0  0  0  0  0/0     2:32   0:03   0:00 
Kale Clague              0  0  0  -1  0   1  0  1  0  0  0/0    20:00   0:33   1:36 
Kevin Bahl               0  0  0   0  0   1  0  0  0  0  0/0    11:48   0:00   0:00 
Lucas Carlsson           0  0  0   0  0   1  0  2  0  0  0/0    11:48   0:00   0:00 
Matthew Tkachuk          0  0  0   0  0   4  1  0  0  1  2/3    24:08   1:08   1:57 
Nick Ritchie             1  0  1  -1  0   3  2  0  1  0  0/0    15:05   0:00   1:19 
Nick Schmaltz            0  0  0   0  0   3  0  0  1  0  0/0    18:06   0:48   0:33 
Pierre-Luc Dubois        0  0  0   0  0   1  0  1  1  1  11/21  19:22   1:11   1:57 
Rasmus Dahlin            0  0  0   0  0   1  2  1  0  2  0/0    28:12   1:26   2:22 
Trevor Lewis             0  0  0   0  0   1  1  1  0  1  0/0    17:31   0:48   0:00 
Vince Dunn               0  0  0  -1  0   1  0  1  1  0  0/0    20:00   0:33   1:36 

3 Stars

1 - Ilya Samsonov (PHI)
2 - Dylan Cozens (PHI)
3 - Kevin Fiala (PHI)

Power Play

Flyers - 0 on 2 Attempt(s) - 0,00%
Maroons - 0 on 1 Attempt(s) - 0,00%

Penalty Kill

Flyers - 1 on 1 Attempt(s) - 100,00% - Score 0 goal in Penalty Kill
Maroons - 2 on 2 Attempt(s) - 100,00% - Score 0 goal in Penalty Kill

Team Stat

Flyers - Hits : 21 - Faceoff Wins : 26 - Blocked Shots : 12 - Penalty Minutes : 2
Maroons - Hits : 19 - Faceoff Wins : 22 - Blocked Shots : 12 - Penalty Minutes : 4

Official

Referees : Marc Joannette and Chris Schlenker
Linesman : Julien Fournier and Derek Amell

Game Notes

No Game Note

Finance

Level 1 -- Attendance: 5216 (86,93%) -- Ticket Income 521 600 $
Level 2 -- Attendance: 4730 (94,60%) -- Ticket Income 283 800 $
Level 3 -- Attendance: 1987 (99,35%) -- Ticket Income 69 545 $
Level 4 -- Attendance: 3537 (88,43%) -- Ticket Income 70 740 $
Luxury Box -- Attendance: 877 (87,70%) -- Ticket Income 175 400 $
Game was played at the Arena de Verdun.
Total Attendance: 16347 (90,82%)
Total Ticket Income: 1 121 085 $
Other Income: 549 332 $
Total Income: 1 670 417 $

Flyers

5 vs 5 Forward 
   Center                   Left Wing                Right Wing               Time % Phy DF OF 
 1 Leon Draisaitl           Patrick Kane             Filip Forsberg           34     0   3  2  
 2 Martin Necas             Jakub Vrana              Travis Konecny           33     0   3  2  
 3 Scott Laughton           Kevin Fiala              Calle Jarnkrok           23     0   3  2  
 4 Gabriel Vilardi          Dylan Cozens             Drew O'Connor            10     0   3  2  

5 vs 5 Defense 
   Defense                  Defense                                           Time % Phy DF OF 
 1 Aaron Ekblad             Noah Hanifin                                      37     0   4  1  
 2 John Marino              Rasmus Ristolainen                                37     0   4  1  
 3 Patrik Nemeth            Justin Holl                                       26     0   5  0  
 4 Aaron Ekblad             Rasmus Ristolainen                                0      0   5  0  

PowerPlay Forward 
   Center                   Left Wing                Right Wing               Time % Phy DF OF 
 1 Leon Draisaitl           Patrick Kane             Filip Forsberg           60     0   0  5  
 2 Martin Necas             Jakub Vrana              Travis Konecny           40     0   0  5  

PowerPlay Defense
   Defense                  Defense                                           Time % Phy DF OF 
 1 Aaron Ekblad             Rasmus Ristolainen                                60     0   1  4  
 2 Patrik Nemeth            John Marino                                       40     0   1  4  

Penalty Kill 4 Players Forward 
   Center                   Wing                     Time % Phy DF OF 
 1 Scott Laughton           Calle Jarnkrok           60     1   4  0  
 2 Leon Draisaitl           Drew O'Connor            40     1   4  0  

Penalty Kill 4 Players Defense
   Defense                  Defense                  Time % Phy DF OF 
 1 Justin Holl              Patrik Nemeth            60     1   4  0  
 2 John Marino              Aaron Ekblad             40     1   4  0  

Penalty Kill - 3 Players Forward 
   Forward                                           Time % Phy DF OF 
 1 Calle Jarnkrok                                    60     1   4  0  
 2 Scott Laughton                                    40     1   4  0  

Penalty Kill - 3 Players Defense
   Defense                  Defense                  Time % Phy DF OF 
 1 Justin Holl              Patrik Nemeth            60     1   4  0  
 2 Patrik Nemeth            John Marino              40     1   4  0  

4 vs 4 Forward 
   Center                   Wing                     Time % Phy DF OF 
 1 Leon Draisaitl           Patrick Kane             60     0   2  3  
 2 Scott Laughton           Martin Necas             40     0   4  1  

4 vs 4 Defense
   Defense                  Defense                  Time % Phy DF OF 
 1 Aaron Ekblad             Noah Hanifin             60     0   4  1  
 2 John Marino              Rasmus Ristolainen       40     0   4  1  

Last Minutes Offensive
   Center                   Left Wing                Right Wing               Defense                  Defense                  
   Leon Draisaitl           Patrick Kane             Martin Necas             Aaron Ekblad             John Marino              

Last Minutes Defensive
   Center                   Left Wing                Right Wing               Defense                  Defense                  
   Scott Laughton           Justin Holl              Calle Jarnkrok           Aaron Ekblad             John Marino              

Goaltenders
Starting : Ilya Samsonov            
Backup : Kevin Lankinen           

Extra Forwards
Normal : Filip Forsberg, Calle Jarnkrok, Scott Laughton - PP : Filip Forsberg, Calle Jarnkrok - PK : Justin Holl
Extra Defensemen
Normal : Patrik Nemeth, Rasmus Ristolainen, Justin Holl - PP : Justin Holl - PK : Aaron Ekblad, Rasmus Ristolainen
Penalty Shots
Leon Draisaitl, Patrick Kane, Jakub Vrana, Travis Konecny, Calle Jarnkrok
Custom OT Lines Forwards
Leon Draisaitl, Patrick Kane, Kevin Fiala, Filip Forsberg, Justin Holl, Martin Necas, Calle Jarnkrok, Travis Konecny, Jakub Vrana, Scott Laughton
Custom OT Lines Defensemen
Aaron Ekblad, John Marino, Justin Holl, Patrik Nemeth, Rasmus Ristolainen

Scratches
Wade Allison (Healthy), Justin Schultz (Healthy)

Maroons

5 vs 5 Forward 
   Center                   Left Wing                Right Wing               Time % Phy DF OF 
 1 Pierre-Luc Dubois        Matthew Tkachuk          Gustav Nyquist           40     1   2  2  
 2 Casey Mittelstadt        Nick Schmaltz            Trevor Lewis             30     1   2  2  
 3 Frans Nielsen            Nick Ritchie             Brett Connolly           20     1   2  2  
 4 Brian Pinho              Filip Zadina             Matthew Tkachuk          10     1   2  2  

5 vs 5 Defense 
   Defense                  Defense                                           Time % Phy DF OF 
 1 Esa Lindell              Rasmus Dahlin                                     40     1   2  2  
 2 Vince Dunn               Kale Clague                                       30     1   2  2  
 3 Kevin Bahl               Lucas Carlsson                                    20     1   2  2  
 4 Esa Lindell              Rasmus Dahlin                                     10     1   2  2  

PowerPlay Forward 
   Center                   Left Wing                Right Wing               Time % Phy DF OF 
 1 Pierre-Luc Dubois        Matthew Tkachuk          Gustav Nyquist           60     1   2  2  
 2 Casey Mittelstadt        Nick Schmaltz            Trevor Lewis             40     1   2  2  

PowerPlay Defense
   Defense                  Defense                                           Time % Phy DF OF 
 1 Esa Lindell              Rasmus Dahlin                                     60     1   2  2  
 2 Vince Dunn               Kale Clague                                       40     1   2  2  

Penalty Kill 4 Players Forward 
   Center                   Wing                     Time % Phy DF OF 
 1 Matthew Tkachuk          Pierre-Luc Dubois        60     1   2  2  
 2 Gustav Nyquist           Casey Mittelstadt        40     1   2  2  

Penalty Kill 4 Players Defense
   Defense                  Defense                  Time % Phy DF OF 
 1 Esa Lindell              Rasmus Dahlin            60     1   2  2  
 2 Vince Dunn               Kale Clague              40     1   2  2  

Penalty Kill - 3 Players Forward 
   Forward                                           Time % Phy DF OF 
 1 Matthew Tkachuk                                   60     1   2  2  
 2 Pierre-Luc Dubois                                 40     1   2  2  

Penalty Kill - 3 Players Defense
   Defense                  Defense                  Time % Phy DF OF 
 1 Esa Lindell              Rasmus Dahlin            60     1   2  2  
 2 Vince Dunn               Kale Clague              40     1   2  2  

4 vs 4 Forward 
   Center                   Wing                     Time % Phy DF OF 
 1 Matthew Tkachuk          Pierre-Luc Dubois        60     1   2  2  
 2 Gustav Nyquist           Casey Mittelstadt        40     1   2  2  

4 vs 4 Defense
   Defense                  Defense                  Time % Phy DF OF 
 1 Esa Lindell              Rasmus Dahlin            60     1   2  2  
 2 Vince Dunn               Kale Clague              40     1   2  2  

Last Minutes Offensive
   Center                   Left Wing                Right Wing               Defense                  Defense                  
   Pierre-Luc Dubois        Matthew Tkachuk          Gustav Nyquist           Esa Lindell              Rasmus Dahlin            

Last Minutes Defensive
   Center                   Left Wing                Right Wing               Defense                  Defense                  
   Pierre-Luc Dubois        Matthew Tkachuk          Gustav Nyquist           Esa Lindell              Rasmus Dahlin            

Goaltenders
Starting : Michael Houser           
Backup : John Gibson              

Extra Forwards
Normal : John Hayden, Andy Andreoff, Nick Ritchie - PP : John Hayden, Andy Andreoff - PK : Nick Ritchie
Extra Defensemen
Normal : Kevin Bahl, Lucas Carlsson, Vince Dunn - PP : Kevin Bahl - PK : Lucas Carlsson, Vince Dunn
Penalty Shots
Matthew Tkachuk, Pierre-Luc Dubois, Gustav Nyquist, Casey Mittelstadt, Nick Schmaltz
Custom OT Lines Forwards
Matthew Tkachuk, Pierre-Luc Dubois, Gustav Nyquist, Casey Mittelstadt, Nick Schmaltz, Nick Ritchie, Trevor Lewis, Frans Nielsen, Brett Connolly, Filip Zadina
Custom OT Lines Defensemen
Esa Lindell, Rasmus Dahlin, Vince Dunn, Kale Clague, Kevin Bahl

Scratches
Bo Horvat (Exhaustion), Jacob Trouba (Healthy)

% Time on Ice - Flyers

Lines # - Real PCT - Wanted PCT - Time Play
Normal Forward
1 - 29% - 34% - 15:27
2 - 28% - 33% - 14:52
3 - 26% - 23% - 13:38
4 - 17% - 10% - 8:58
Normal Defense
1 - 37% - 37% - 19:48
2 - 38% - 37% - 19:54
3 - 25% - 26% - 13:13
4 - 0% - 0% - 0:00
PP Forward
1 - 55% - 60% - 2:11
2 - 45% - 40% - 1:47
PP Defense
1 - 61% - 60% - 2:25
2 - 39% - 40% - 1:33
PK Forward
1 - 89% - 60% - 1:46
2 - 11% - 40% - 0:13
PK Defense
1 - 100% - 60% - 1:59
2 - 0% - 40% - 0:00
PK3 Forward
1 - 0% - 60%
2 - 0% - 40%
PK3 Defense
1 - 0% - 60%
2 - 0% - 40%
44 Forward
1 - 0% - 60%
2 - 0% - 40%
44 Defense
1 - 0% - 60%
2 - 0% - 40%
Last Minute Offensive  - 0:00
Last Minute Defensive  - 1:08
Total
Forward - 60:00
Defense - 60:00

% Time on Ice - Maroons

Lines # - Real PCT - Wanted PCT - Time Play
Normal Forward
1 - 29% - 40% - 15:08
2 - 32% - 30% - 16:43
3 - 26% - 20% - 13:46
4 - 14% - 10% - 7:17
Normal Defense
1 - 39% - 40% - 20:22
2 - 34% - 30% - 17:51
3 - 22% - 20% - 11:48
4 - 5% - 10% - 2:53
PP Forward
1 - 60% - 60% - 1:11
2 - 40% - 40% - 0:48
PP Defense
1 - 72% - 60% - 1:26
2 - 28% - 40% - 0:33
PK Forward
1 - 71% - 60% - 2:50
2 - 29% - 40% - 1:08
PK Defense
1 - 60% - 60% - 2:22
2 - 40% - 40% - 1:36
PK3 Forward
1 - 0% - 60%
2 - 0% - 40%
PK3 Defense
1 - 0% - 60%
2 - 0% - 40%
44 Forward
1 - 0% - 60%
2 - 0% - 40%
44 Defense
1 - 0% - 60%
2 - 0% - 40%
Last Minute Offensive  - 1:09
Last Minute Defensive  - 0:00
Total
Forward - 60:00
Defense - 60:00

Play-by-Play

1st period


0:01 of 1st period - Pierre-Luc Dubois wins face-off versus Filip Forsberg in neutral zone.
0:06 of 1st period - Aaron Ekblad is hit by Rasmus Dahlin.
0:10 of 1st period - Snap shot by Filip Forsberg.
0:10 of 1st period - Stopped by Michael Houser without a rebound.
0:11 of 1st period - Martin Necas wins face-off versus Casey Mittelstadt in Maroons zone.
0:18 of 1st period - Snap shot by Jakub Vrana.
0:18 of 1st period - Shot Misses the Net.
0:32 of 1st period - Minor Penalty to Casey Mittelstadt for Hooking.
0:33 of 1st period - Leon Draisaitl wins face-off versus Matthew Tkachuk in Maroons zone.
1:35 of 1st period - Kale Clague is hit by John Marino and loses puck.
2:32 of 1st period - Penalty to Casey Mittelstadt is over, Casey Mittelstadt is back on ice.
2:38 of 1st period - Off-side.
2:39 of 1st period - Scott Laughton wins face-off versus Casey Mittelstadt in neutral zone.
3:10 of 1st period - Snap shot by Dylan Cozens.
3:10 of 1st period - Shot Blocked by Brett Connolly.
3:12 of 1st period - Snap shot by Dylan Cozens.
3:12 of 1st period - Shot Misses the Net.
3:14 of 1st period - Slapshot by Dylan Cozens.
3:14 of 1st period - Shot Blocked by Frans Nielsen.
3:16 of 1st period - Slapshot by Patrik Nemeth.
3:16 of 1st period - Shot Blocked by Lucas Carlsson.
3:32 of 1st period - Snap shot by Martin Necas.
3:32 of 1st period - Stopped by Michael Houser with a rebound.
4:38 of 1st period - Drew O'Connor is hit by Esa Lindell and loses puck.
4:55 of 1st period - Slapshot by Aaron Ekblad.
4:55 of 1st period - Deflect By Gabriel Vilardi.
4:55 of 1st period - Stopped by Michael Houser without a rebound.
4:56 of 1st period - Matthew Tkachuk wins face-off versus Leon Draisaitl in Maroons zone.
5:03 of 1st period - Snap shot by Patrick Kane.
5:03 of 1st period - Shot Misses the Net.
5:05 of 1st period - Slapshot by Rasmus Ristolainen.
5:05 of 1st period - Stopped by Michael Houser with a rebound.
5:07 of 1st period - Slapshot by John Marino.
5:07 of 1st period - Deflect By Leon Draisaitl.
5:07 of 1st period - Shot Misses the Net.
5:07 of 1st period - Puck is out of play.
5:08 of 1st period - Pierre-Luc Dubois wins face-off versus Martin Necas in Maroons zone.
5:21 of 1st period - Snap shot by Jakub Vrana.
5:21 of 1st period - Shot Misses the Net.
6:02 of 1st period - Matthew Tkachuk is hit by Kevin Fiala and loses puck.
6:15 of 1st period - Wrist shot by Martin Necas.
6:15 of 1st period - Shot Misses the Net.
6:54 of 1st period - Gustav Nyquist is hit by Patrik Nemeth and loses puck.
7:33 of 1st period - Martin Necas is hit by Trevor Lewis and loses puck.
7:40 of 1st period - Aaron Ekblad is hit by Casey Mittelstadt and loses puck.
8:17 of 1st period - Snap shot by Gabriel Vilardi.
8:17 of 1st period - Shot Blocked by Brett Connolly.
8:19 of 1st period - Snap shot by Drew O'Connor.
8:19 of 1st period - Shot Blocked by Frans Nielsen.
9:13 of 1st period - Snap shot by Leon Draisaitl.
9:13 of 1st period - Stopped by Michael Houser with a rebound.
10:05 of 1st period - Slapshot by Kevin Fiala.
10:05 of 1st period - Shot Misses the Net.
10:07 of 1st period - Slapshot by Noah Hanifin.
10:07 of 1st period - Stopped by Michael Houser without a rebound.
10:08 of 1st period - Casey Mittelstadt wins face-off versus Martin Necas in Maroons zone.
10:15 of 1st period - Jakub Vrana is hit by Casey Mittelstadt and loses puck.
10:56 of 1st period - Patrik Nemeth is hit by Rasmus Dahlin and loses puck.
11:40 of 1st period - Icing by Vince Dunn.
11:41 of 1st period - Brian Pinho wins face-off versus Leon Draisaitl in Maroons zone.
11:52 of 1st period - Snap shot by Matthew Tkachuk.
11:52 of 1st period - Shot Blocked by Rasmus Ristolainen.
11:54 of 1st period - Slapshot by Vince Dunn.
11:54 of 1st period - Deflect By Matthew Tkachuk.
11:54 of 1st period - Stopped by Ilya Samsonov without a rebound.
11:55 of 1st period - Casey Mittelstadt wins face-off versus Martin Necas in Flyers zone.
11:58 of 1st period - Wrist shot by Casey Mittelstadt.
11:58 of 1st period - Stopped by Ilya Samsonov with a rebound.
12:00 of 1st period - Snap shot by Casey Mittelstadt.
12:00 of 1st period - Shot Blocked by Rasmus Ristolainen.
12:02 of 1st period - Slapshot by Esa Lindell.
12:02 of 1st period - Stopped by Ilya Samsonov without a rebound.
12:03 of 1st period - Martin Necas wins face-off versus Casey Mittelstadt in Flyers zone.
12:28 of 1st period - Snap shot by Patrick Kane.
12:28 of 1st period - Shot Misses the Net.
12:30 of 1st period - Wrist shot by Leon Draisaitl.
12:30 of 1st period - Stopped by Michael Houser with a rebound.
13:08 of 1st period - Icing by Scott Laughton.
13:09 of 1st period - Casey Mittelstadt wins face-off versus Kevin Fiala in Flyers zone.
13:10 of 1st period - Slapshot by Nick Schmaltz.
13:10 of 1st period - Stopped by Ilya Samsonov with a rebound.
13:22 of 1st period - Backhand shot by Kevin Fiala.
13:22 of 1st period - Shot Misses the Net.
13:24 of 1st period - Wrist shot by Scott Laughton.
13:24 of 1st period - Stopped by Michael Houser with a rebound.
13:26 of 1st period - Slapshot by Justin Holl.
13:26 of 1st period - Stopped by Michael Houser with a rebound.
13:30 of 1st period - Wrist shot by Calle Jarnkrok.
13:30 of 1st period - Shot Misses the Net.
13:38 of 1st period - Snap shot by Kevin Fiala.
13:38 of 1st period - Stopped by Michael Houser without a rebound.
13:39 of 1st period - Leon Draisaitl wins face-off versus Casey Mittelstadt in Maroons zone.
14:12 of 1st period - Snap shot by Brett Connolly.
14:12 of 1st period - Stopped by Ilya Samsonov with a rebound.
14:14 of 1st period - Wrist shot by Esa Lindell.
14:14 of 1st period - Stopped by Ilya Samsonov with a rebound.
14:48 of 1st period - Snap shot by Matthew Tkachuk.
14:48 of 1st period - Shot Blocked by Leon Draisaitl.
14:50 of 1st period - Wrist shot by Brian Pinho.
14:50 of 1st period - Shot Blocked by John Marino.
14:52 of 1st period - Slapshot by Rasmus Dahlin.
14:52 of 1st period - Shot Misses the Net.
14:54 of 1st period - Slapshot by Esa Lindell.
14:54 of 1st period - Stopped by Ilya Samsonov with a rebound.
15:04 of 1st period - Frans Nielsen is hit by Scott Laughton and loses puck.
15:13 of 1st period - Slapshot by Kevin Fiala.
15:13 of 1st period - Shot Blocked by Kale Clague.
15:47 of 1st period - Nick Ritchie is hit by Leon Draisaitl and loses puck.
16:59 of 1st period - Wrist shot by Leon Draisaitl.
16:59 of 1st period - Stopped by Michael Houser with a rebound.
17:01 of 1st period - Slapshot by Leon Draisaitl.
17:01 of 1st period - Shot Misses the Net.
17:03 of 1st period - Slapshot by Leon Draisaitl.
17:03 of 1st period - Shot Misses the Net.
17:09 of 1st period - Slapshot by Patrick Kane.
17:09 of 1st period - Shot Misses the Net.
17:38 of 1st period - Brian Pinho is hit by Scott Laughton and loses puck.
18:13 of 1st period - Minor Penalty to Patrik Nemeth for Hooking.
18:14 of 1st period - Gustav Nyquist wins face-off versus Scott Laughton in Flyers zone.
18:20 of 1st period - Wrist shot by Matthew Tkachuk.
18:20 of 1st period - Stopped by Ilya Samsonov with a rebound.
18:22 of 1st period - Wrist shot by Matthew Tkachuk.
18:22 of 1st period - Shot Misses the Net.
18:53 of 1st period - Snap shot by Nick Schmaltz.
18:53 of 1st period - Shot Blocked by Justin Holl.
18:55 of 1st period - Wrist shot by Casey Mittelstadt.
18:55 of 1st period - Shot Hit the Post.
Goals for this period are 0 for Flyers vs 0 for Maroons.
Shots for this period are 11 for Flyers vs 8 for Maroons.

2nd period


0:01 of 2nd period - Scott Laughton wins face-off versus Pierre-Luc Dubois in neutral zone.
0:13 of 2nd period - Penalty to Patrik Nemeth is over, Patrik Nemeth is back on ice.
0:13 of 2nd period - Wrist shot by Gustav Nyquist.
0:13 of 2nd period - Shot Misses the Net.
0:15 of 2nd period - Snap shot by Matthew Tkachuk.
0:15 of 2nd period - Shot Blocked by Calle Jarnkrok.
0:22 of 2nd period - Icing by Calle Jarnkrok.
0:23 of 2nd period - Martin Necas wins face-off versus Casey Mittelstadt in Flyers zone.
0:23 of 2nd period - Martin Necas is hit by Esa Lindell.
0:29 of 2nd period - Trevor Lewis is hit by Jakub Vrana.
1:19 of 2nd period - Wrist shot by Filip Zadina.
1:19 of 2nd period - Stopped by Ilya Samsonov without a rebound.
1:20 of 2nd period - Brian Pinho wins face-off versus Martin Necas in Flyers zone.
2:16 of 2nd period - Snap shot by Dylan Cozens.
2:16 of 2nd period - Stopped by Michael Houser without a rebound.
2:17 of 2nd period - Martin Necas wins face-off versus Casey Mittelstadt in Maroons zone.
2:18 of 2nd period - Wrist shot by Travis Konecny.
2:18 of 2nd period - Stopped by Michael Houser with a rebound.
2:28 of 2nd period - Snap shot by Nick Schmaltz.
2:28 of 2nd period - Stopped by Ilya Samsonov with a rebound.
2:30 of 2nd period - Slapshot by Esa Lindell.
2:30 of 2nd period - Stopped by Ilya Samsonov with a rebound.
2:32 of 2nd period - Slapshot by Esa Lindell.
2:32 of 2nd period - Stopped by Ilya Samsonov without a rebound.
2:33 of 2nd period - Leon Draisaitl wins face-off versus Frans Nielsen in Flyers zone.
2:33 of 2nd period - Leon Draisaitl is hit by Esa Lindell.
2:44 of 2nd period - Slapshot by Nick Ritchie.
2:44 of 2nd period - Stopped by Ilya Samsonov without a rebound.
2:45 of 2nd period - Leon Draisaitl wins face-off versus Casey Mittelstadt in Flyers zone.
2:52 of 2nd period - Slapshot by Aaron Ekblad.
2:52 of 2nd period - Shot Blocked by Trevor Lewis.
3:12 of 2nd period - Gustav Nyquist is hit by Martin Necas and loses puck.
3:37 of 2nd period - Slapshot by Nick Ritchie.
3:37 of 2nd period - Shot Blocked by Noah Hanifin.
3:53 of 2nd period - Slapshot by Dylan Cozens.
3:53 of 2nd period - Stopped by Michael Houser without a rebound.
3:54 of 2nd period - Pierre-Luc Dubois wins face-off versus Gabriel Vilardi in Maroons zone.
4:19 of 2nd period - Nick Schmaltz is hit by Jakub Vrana and loses puck.
4:46 of 2nd period - Snap shot by Brett Connolly.
4:46 of 2nd period - Shot Misses the Net.
4:48 of 2nd period - Slapshot by Lucas Carlsson.
4:48 of 2nd period - Stopped by Ilya Samsonov without a rebound.
4:49 of 2nd period - Leon Draisaitl wins face-off versus Pierre-Luc Dubois in Flyers zone.
5:57 of 2nd period - Dylan Cozens is hit by Brian Pinho and loses puck.
6:59 of 2nd period - Icing by John Marino.
7:00 of 2nd period - Frans Nielsen wins face-off versus Scott Laughton in Flyers zone.
7:03 of 2nd period - Wrist shot by Nick Ritchie.
7:03 of 2nd period - Stopped by Ilya Samsonov with a rebound.
7:05 of 2nd period - Wrist shot by Brett Connolly.
7:05 of 2nd period - Shot Misses the Net.
7:27 of 2nd period - Snap shot by Kevin Fiala.
7:27 of 2nd period - Stopped by Michael Houser with a rebound.
7:30 of 2nd period - Icing by Rasmus Dahlin.
7:31 of 2nd period - Leon Draisaitl wins face-off versus Frans Nielsen in Maroons zone.
7:53 of 2nd period - Off-side.
7:54 of 2nd period - Pierre-Luc Dubois wins face-off versus Martin Necas in neutral zone.
8:53 of 2nd period - Slapshot by Kevin Fiala.
8:53 of 2nd period - Shot Misses the Net.
8:55 of 2nd period - Slapshot by Calle Jarnkrok.
8:55 of 2nd period - Shot Blocked by Rasmus Dahlin.
9:15 of 2nd period - Brian Pinho is hit by Dylan Cozens and loses puck.
10:30 of 2nd period - Kevin Bahl is hit by Travis Konecny and loses puck.
11:13 of 2nd period - Gustav Nyquist is hit by Calle Jarnkrok and loses puck.
12:24 of 2nd period - Icing by Gustav Nyquist.
12:25 of 2nd period - Pierre-Luc Dubois wins face-off versus Martin Necas in Maroons zone.
12:38 of 2nd period - Martin Necas is hit by Gustav Nyquist and loses puck.
12:57 of 2nd period - Snap shot by Casey Mittelstadt.
12:57 of 2nd period - Stopped by Ilya Samsonov with a rebound.
12:59 of 2nd period - Slapshot by Kale Clague.
12:59 of 2nd period - Shot Misses the Net.
13:09 of 2nd period - Leon Draisaitl is hit by Nick Ritchie and loses puck.
13:22 of 2nd period - Snap shot by Leon Draisaitl.
13:22 of 2nd period - Deflect By Filip Forsberg.
13:22 of 2nd period - Shot Misses the Net.
13:22 of 2nd period - Puck is out of play.
13:23 of 2nd period - Martin Necas wins face-off versus Casey Mittelstadt in Maroons zone.
13:24 of 2nd period - Slapshot by Travis Konecny.
13:24 of 2nd period - Stopped by Michael Houser with a rebound.
13:57 of 2nd period - Slapshot by Scott Laughton.
13:57 of 2nd period - Shot Misses the Net.
14:54 of 2nd period - Snap shot by Leon Draisaitl.
14:54 of 2nd period - Shot Misses the Net.
15:00 of 2nd period - Vince Dunn is hit by Filip Forsberg and loses puck.
15:16 of 2nd period - Off-side.
15:17 of 2nd period - Scott Laughton wins face-off versus Frans Nielsen in neutral zone.
15:46 of 2nd period - Off-side.
15:47 of 2nd period - Leon Draisaitl wins face-off versus Casey Mittelstadt in neutral zone.
15:50 of 2nd period - Wrist shot by Patrick Kane.
15:50 of 2nd period - Shot Misses the Net.
15:56 of 2nd period - Wrist shot by Casey Mittelstadt.
15:56 of 2nd period - Stopped by Ilya Samsonov with a rebound.
15:58 of 2nd period - Snap shot by Trevor Lewis.
15:58 of 2nd period - Stopped by Ilya Samsonov with a rebound.
16:00 of 2nd period - Snap shot by Kevin Bahl.
16:00 of 2nd period - Stopped by Ilya Samsonov without a rebound.
16:01 of 2nd period - Pierre-Luc Dubois wins face-off versus Martin Necas in Flyers zone.
16:04 of 2nd period - Slapshot by Pierre-Luc Dubois.
16:04 of 2nd period - Stopped by Ilya Samsonov with a rebound.
16:15 of 2nd period - Wrist shot by Travis Konecny.
16:15 of 2nd period - Shot Blocked by Pierre-Luc Dubois.
16:17 of 2nd period - Snap shot by Travis Konecny.
16:17 of 2nd period - Stopped by Michael Houser with a rebound.
16:53 of 2nd period - Snap shot by Nick Ritchie.
16:53 of 2nd period - Shot Blocked by John Marino.
16:55 of 2nd period - Slapshot by Esa Lindell.
16:55 of 2nd period - Deflect By Nick Ritchie.
16:55 of 2nd period - Goal by Nick Ritchie - Flyers : 0 - Maroons : 1.
16:56 of 2nd period - Pierre-Luc Dubois wins face-off versus Martin Necas in neutral zone.
17:23 of 2nd period - Casey Mittelstadt is hit by Patrick Kane and loses puck.
17:41 of 2nd period - Off-side.
17:42 of 2nd period - Frans Nielsen wins face-off versus Scott Laughton in neutral zone.
18:07 of 2nd period - Kevin Fiala is hit by Casey Mittelstadt and loses puck.
18:32 of 2nd period - Snap shot by Calle Jarnkrok.
18:32 of 2nd period - Shot Misses the Net.
18:34 of 2nd period - Wrist shot by Jakub Vrana.
18:34 of 2nd period - Stopped by Michael Houser with a rebound.
18:36 of 2nd period - Slapshot by Rasmus Ristolainen.
18:36 of 2nd period - Stopped by Michael Houser without a rebound.
18:37 of 2nd period - Pierre-Luc Dubois wins face-off versus Martin Necas in Maroons zone.
18:48 of 2nd period - Wrist shot by Matthew Tkachuk.
18:48 of 2nd period - Shot Hit the Post.
18:50 of 2nd period - Backhand shot by Esa Lindell.
18:50 of 2nd period - Stopped by Ilya Samsonov without a rebound.
18:51 of 2nd period - Pierre-Luc Dubois wins face-off versus Leon Draisaitl in Flyers zone.
18:52 of 2nd period - Snap shot by Matthew Tkachuk.
18:52 of 2nd period - Stopped by Ilya Samsonov with a rebound.
Goals for this period are 0 for Flyers vs 1 for Maroons.
Shots for this period are 8 for Flyers vs 15 for Maroons.

3rd period


0:01 of 3rd period - Leon Draisaitl wins face-off versus Pierre-Luc Dubois in neutral zone.
0:38 of 3rd period - Slapshot by Rasmus Dahlin.
0:38 of 3rd period - Shot Blocked by John Marino.
0:40 of 3rd period - Snap shot by Trevor Lewis.
0:40 of 3rd period - Shot Misses the Net.
0:56 of 3rd period - Snap shot by Kevin Fiala.
0:56 of 3rd period - Goal by Kevin Fiala - Flyers : 1 - Maroons : 1.
0:57 of 3rd period - Pierre-Luc Dubois wins face-off versus Leon Draisaitl in neutral zone.
1:04 of 3rd period - Snap shot by Matthew Tkachuk.
1:04 of 3rd period - Shot Misses the Net.
1:10 of 3rd period - Snap shot by Patrick Kane.
1:10 of 3rd period - Stopped by Michael Houser with a rebound.
1:12 of 3rd period - Slapshot by Justin Holl.
1:12 of 3rd period - Stopped by Michael Houser with a rebound.
1:14 of 3rd period - Slapshot by Justin Holl.
1:14 of 3rd period - Stopped by Michael Houser with a rebound.
1:47 of 3rd period - Noah Hanifin is hit by Casey Mittelstadt and loses puck.
2:30 of 3rd period - Wrist shot by Casey Mittelstadt.
2:30 of 3rd period - Shot Misses the Net.
2:32 of 3rd period - Slapshot by Kale Clague.
2:32 of 3rd period - Shot Misses the Net.
3:02 of 3rd period - Wrist shot by Casey Mittelstadt.
3:02 of 3rd period - Stopped by Ilya Samsonov with a rebound.
3:04 of 3rd period - Slapshot by Vince Dunn.
3:04 of 3rd period - Shot Misses the Net.
3:06 of 3rd period - Slapshot by Kale Clague.
3:06 of 3rd period - Shot Blocked by Dylan Cozens.
3:12 of 3rd period - Snap shot by Casey Mittelstadt.
3:12 of 3rd period - Stopped by Ilya Samsonov without a rebound.
3:13 of 3rd period - Leon Draisaitl wins face-off versus Pierre-Luc Dubois in Flyers zone.
4:03 of 3rd period - Snap shot by Filip Zadina.
4:03 of 3rd period - Stopped by Ilya Samsonov with a rebound.
4:37 of 3rd period - Wrist shot by Leon Draisaitl.
4:37 of 3rd period - Shot Misses the Net.
4:44 of 3rd period - Icing by Lucas Carlsson.
4:45 of 3rd period - Brian Pinho wins face-off versus Martin Necas in Maroons zone.
4:58 of 3rd period - Snap shot by Martin Necas.
4:58 of 3rd period - Stopped by Michael Houser with a rebound.
5:00 of 3rd period - Snap shot by Jakub Vrana.
5:00 of 3rd period - Shot Misses the Net.
5:16 of 3rd period - Snap shot by Leon Draisaitl.
5:16 of 3rd period - Stopped by Michael Houser with a rebound.
5:18 of 3rd period - Wrist shot by Leon Draisaitl.
5:18 of 3rd period - Shot Misses the Net.
5:20 of 3rd period - Wrist shot by Filip Forsberg.
5:20 of 3rd period - Shot Misses the Net.
5:40 of 3rd period - Wrist shot by Calle Jarnkrok.
5:40 of 3rd period - Stopped by Michael Houser with a rebound.
6:32 of 3rd period - Frans Nielsen is hit by Patrik Nemeth and loses puck.
7:14 of 3rd period - Casey Mittelstadt is hit by Travis Konecny and loses puck.
7:21 of 3rd period - Rasmus Dahlin is hit by Noah Hanifin and loses puck.
7:38 of 3rd period - John Marino is hit by Esa Lindell and loses puck.
7:54 of 3rd period - Leon Draisaitl is hit by Nick Ritchie and loses puck.
8:17 of 3rd period - Matthew Tkachuk is hit by Scott Laughton.
8:18 of 3rd period - Icing by Matthew Tkachuk.
8:19 of 3rd period - Scott Laughton wins face-off versus Pierre-Luc Dubois in Maroons zone.
8:22 of 3rd period - Slapshot by Kevin Fiala.
8:22 of 3rd period - Shot Misses the Net.
8:28 of 3rd period - Noah Hanifin is hit by Matthew Tkachuk and loses puck.
8:41 of 3rd period - Wrist shot by Brett Connolly.
8:41 of 3rd period - Stopped by Ilya Samsonov with a rebound.
8:43 of 3rd period - Slapshot by Lucas Carlsson.
8:43 of 3rd period - Shot Blocked by Calle Jarnkrok.
8:45 of 3rd period - Snap shot by Frans Nielsen.
8:45 of 3rd period - Stopped by Ilya Samsonov with a rebound.
8:47 of 3rd period - Snap shot by Brett Connolly.
8:47 of 3rd period - Shot Misses the Net.
8:49 of 3rd period - Backhand shot by Vince Dunn.
8:49 of 3rd period - Stopped by Ilya Samsonov with a rebound.
8:51 of 3rd period - Slapshot by Kale Clague.
8:51 of 3rd period - Shot Misses the Net.
8:53 of 3rd period - Slapshot by Rasmus Dahlin.
8:53 of 3rd period - Stopped by Ilya Samsonov with a rebound.
9:15 of 3rd period - Slapshot by Aaron Ekblad.
9:15 of 3rd period - Stopped by Michael Houser with a rebound.
9:17 of 3rd period - Wrist shot by Calle Jarnkrok.
9:17 of 3rd period - Stopped by Michael Houser with a rebound.
9:19 of 3rd period - Snap shot by Kevin Fiala.
9:19 of 3rd period - Shot Blocked by Lucas Carlsson.
9:21 of 3rd period - Slapshot by Noah Hanifin.
9:21 of 3rd period - Stopped by Michael Houser without a rebound.
9:22 of 3rd period - Leon Draisaitl wins face-off versus Pierre-Luc Dubois in Maroons zone.
9:31 of 3rd period - Snap shot by Patrick Kane.
9:31 of 3rd period - Stopped by Michael Houser with a rebound.
10:51 of 3rd period - Snap shot by Dylan Cozens.
10:51 of 3rd period - Shot Misses the Net.
10:53 of 3rd period - Slapshot by John Marino.
10:53 of 3rd period - Shot Blocked by Esa Lindell.
10:55 of 3rd period - Slapshot by Dylan Cozens.
10:55 of 3rd period - Goal by Dylan Cozens - Flyers : 2 - Maroons : 1.
10:56 of 3rd period - Leon Draisaitl wins face-off versus Pierre-Luc Dubois in neutral zone.
11:23 of 3rd period - Minor Penalty to Casey Mittelstadt for Roughing.
11:24 of 3rd period - Matthew Tkachuk wins face-off versus Leon Draisaitl in Maroons zone.
11:24 of 3rd period - Matthew Tkachuk is hit by Rasmus Ristolainen.
12:02 of 3rd period - Wrist shot by Gustav Nyquist.
12:02 of 3rd period - Shot Misses the Net.
13:23 of 3rd period - Penalty to Casey Mittelstadt is over, Casey Mittelstadt is back on ice.
14:44 of 3rd period - Snap shot by Gabriel Vilardi.
14:44 of 3rd period - Shot Blocked by Vince Dunn.
14:46 of 3rd period - Snap shot by Drew O'Connor.
14:46 of 3rd period - Deflect By Nick Schmaltz.
14:46 of 3rd period - Stopped by Michael Houser without a rebound.
14:47 of 3rd period - Gabriel Vilardi wins face-off versus Casey Mittelstadt in Maroons zone.
15:17 of 3rd period - Brett Connolly is hit by Leon Draisaitl and loses puck.
15:36 of 3rd period - Snap shot by Gustav Nyquist.
15:36 of 3rd period - Shot Blocked by Martin Necas.
15:48 of 3rd period - Backhand shot by Casey Mittelstadt.
15:48 of 3rd period - Stopped by Ilya Samsonov without a rebound.
15:49 of 3rd period - Scott Laughton wins face-off versus Casey Mittelstadt in Flyers zone.
15:56 of 3rd period - Slapshot by Casey Mittelstadt.
15:56 of 3rd period - Shot Misses the Net.
15:58 of 3rd period - Slapshot by Kale Clague.
15:58 of 3rd period - Shot Misses the Net.
16:00 of 3rd period - Snap shot by Nick Schmaltz.
16:00 of 3rd period - Stopped by Ilya Samsonov with a rebound.
16:02 of 3rd period - Slapshot by Kale Clague.
16:02 of 3rd period - Stopped by Ilya Samsonov with a rebound.
16:14 of 3rd period - Snap shot by Casey Mittelstadt.
16:14 of 3rd period - Shot Misses the Net.
16:16 of 3rd period - Slapshot by Kale Clague.
16:16 of 3rd period - Deflect By Casey Mittelstadt.
16:16 of 3rd period - Shot Misses the Net.
16:16 of 3rd period - Puck is out of play.
16:17 of 3rd period - Leon Draisaitl wins face-off versus Pierre-Luc Dubois in Flyers zone.
16:30 of 3rd period - Aaron Ekblad is hit by Gustav Nyquist and loses puck.
16:55 of 3rd period - Brett Connolly is hit by Travis Konecny and loses puck.
18:00 of 3rd period - Off-side.
18:01 of 3rd period - Martin Necas wins face-off versus Casey Mittelstadt in neutral zone.
18:19 of 3rd period - Off-side.
18:20 of 3rd period - Pierre-Luc Dubois wins face-off versus Scott Laughton in neutral zone.
18:31 of 3rd period - Wrist shot by Gustav Nyquist.
18:31 of 3rd period - Deflect By Matthew Tkachuk.
18:31 of 3rd period - Shot Misses the Net.
18:31 of 3rd period - Puck is out of play.
18:32 of 3rd period - Patrick Kane wins face-off versus Pierre-Luc Dubois in Flyers zone.
19:04 of 3rd period - Maroons, Michael Houser is pulled from the net.
19:12 of 3rd period - Justin Holl is hit by Gustav Nyquist and loses puck.
19:33 of 3rd period - Wrist shot by Matthew Tkachuk.
19:33 of 3rd period - Stopped by Ilya Samsonov without a rebound.
19:34 of 3rd period - Nolan Pratt call a timeout for Maroons.
19:34 of 3rd period - Scott Laughton wins face-off versus Pierre-Luc Dubois in Flyers zone.
19:34 of 3rd period - Scott Laughton is hit by Gustav Nyquist.
Goals for this period are 2 for Flyers vs 0 for Maroons.
Shots for this period are 13 for Flyers vs 11 for Maroons. Output by the SimonT Hockey Simulator (STHS) for Alexandre Lamarre - Original Page W3C HTML5 Valid
Hockey Simulator - Hockey Simulation - Hockey Manager